 Dungeon Crawl Stone Soup version 0.26-b1-32-g5d43845318 (webtiles) character file.

Game seed: 5670390720145802825

182 HoaS the Ruffian (level 5, -5/41 HPs)
             Began as a Ghoul Gladiator on Jan 10, 2021.
             Slain by Crazy Yiuf
             ... wielding a +4 quarterstaff of chaos
              (7 damage)
             ... on level 4 of the Dungeon.
             The game lasted 00:04:39 (2799 turns).

HoaS the Ruffian (Ghoul Gladiator)                  Turns: 2799, Time: 00:04:40

Health: -5/41      AC: 14    Str: 19    XL:     5   Next: 61%
Magic:  0/4        EV:  8    Int:  3    God:
Gold:   144        SH:  0    Dex: 10    Spells: 4/4 levels left

rFire    . . .     SeeInvis .     - Unarmed
rCold    + . .     Faith    .   (no shield)
rNeg     + + +     Spirit   .   m - +0 chain mail
rPois    ∞         Reflect  .   b - +0 helmet
rElec    .         Harm     .   (no cloak)
rCorr    .         Rampage  .   (no gloves)
Will     +....                  d - +0 pair of boots
Stlth    ..........             (no amulet)
HPRegen  0.00/turn              e - ring of willpower
MPRegen  0.09/turn              k - +4 ring of protection

@: very slightly contaminated, invisible
A: claws 1, cold resistance 1, negative energy resistance 3, inhibited
regeneration, torment resistance, unbreathing
a: no special abilities


You were on level 4 of the Dungeon.
You visited 1 branch of the dungeon, and saw 4 of its levels.

You collected 144 gold pieces.

Inventory:

Missiles
 c - 3 throwing nets (quivered)
 l - 25 poisoned darts
Armour
 b - a +0 helmet (worn)
 d - a +0 pair of boots (worn)
 m - a +0 chain mail (worn)
Jewellery
 e - a ring of willpower (left claw)
 i - an uncursed ring of resist corrosion
 k - a +4 ring of protection (right claw)
 n - an uncursed ring of ice {unknown}
Wands
 o - a wand of paralysis (7)
Scrolls
 h - a scroll of teleportation
 s - 2 scrolls of remove curse
Potions
 a - a potion of berserk rage {unknown}
 f - a potion of haste {unknown}
 g - a potion of lignification {unknown}
 j - 2 potions of might
 p - a potion of attraction {unknown}
 q - a potion of flight {unknown}
 r - 2 potions of curing {unknown}


   Skills:
 - Level 2.1 Fighting
 - Level 1.7 Throwing
 - Level 2.6 Dodging
 + Level 6.7 Unarmed Combat


You had 4 spell levels left.
You didn't know any spells.
Your spell library was empty.

Dungeon Overview and Level Annotations

Branches:
Dungeon (4/15)
 Temple: D:4-7

Altars:
Ashenzari

Shops:
D:4 (

Annotations:
D:4 Crazy Yiuf


Innate Abilities, Weirdness & Mutations

You thrive by killing the living.
You are immune to poison.
You have sharp fingernails.
Your flesh is cold resistant. (rC+)
You are immune to negative energy. (rN+++)
You do not regenerate when monsters are visible.
You are immune to unholy pain and torment.
You can survive without breathing.


Message History

Crazy Yiuf is moderately wounded.
Crazy Yiuf hits you with a +4 quarterstaff of chaos.
You claw Crazy Yiuf!
Crazy Yiuf is severely wounded.
You closely miss Crazy Yiuf.
Crazy Yiuf is severely wounded.
Crazy Yiuf hits you with a +4 quarterstaff of chaos!
You are confused.
Crazy Yiuf hits you but does no damage.
You're too confused to move!
Crazy Yiuf hits you but does no damage.
You're too confused to move!
Crazy Yiuf laughs, "Walk!"
Crazy Yiuf hits you with a +4 quarterstaff of chaos!
* * * LOW HITPOINT WARNING * * *
You fade into invisibility!
You are very lightly contaminated with residual magic.
You bump into the stone wall.
You feel less confused.
Crazy Yiuf hits you with a +4 quarterstaff of chaos!
You die...

#####
#..)#
#...#
#######
#@g.#
#......
##'##
#......
##.#
#......
#.##
#......
##.#
#......
#.##
#......
##.##
#......
#...##
#......
#....#
#......


You could see Crazy Yiuf.

Vanquished Creatures
  A howler monkey (D:4)
  5 adders
  4 worms
  A dart slug (D:3)
  A leopard gecko (D:1)
  5 orcs (D:3)
  5 giant cockroaches
  9 goblins
  8 hobgoblins
  6 jackals
  2 quokkas (D:3)
  3 ball pythons
  8 bats
  7 frilled lizards
  6 kobolds
  10 rats
81 creatures vanquished.

Notes
Turn   | Place    | Note
-------+----------+-------------------------------------------
     0 | D:1      | HoaS the Ghoul Gladiator began the quest for the Orb.
     0 | D:1      | Reached XP level 1. HP: 17/17 MP: 0/0
   119 | D:1      | Reached XP level 2. HP: 19/24 MP: 1/1
   131 | D:1      | Reached skill level 4 in Unarmed Combat
   446 | D:1      | Reached XP level 3. HP: 29/29 MP: 2/2
   676 | D:2      | Reached skill level 5 in Unarmed Combat
   734 | D:2      | Reached XP level 4. HP: 36/36 MP: 3/3
   794 | D:2      | Found a broken altar of Ashenzari.
  1831 | D:3      | Reached skill level 6 in Unarmed Combat
  1833 | D:3      | Reached XP level 5. HP: 36/41 MP: 4/4
  2243 | D:4      | Found Wekacs's Weapon Boutique.
  2293 | D:4      | Found a runed translucent door.
  2294 | D:4      | Noticed Crazy Yiuf
  2798 | D:4      | HP: 2/41 [Crazy Yiuf/+4 quarterstaff of chaos (10)]
  2799 | D:4      | Slain by Crazy Yiuf

Illustrated notes

Levels and vault maps discovered:
D:1:      dpeg_arrival_rhombi, layout_rooms, corner_web_ring,
          minmay_door_square, corexii_corridor_pit, minmay_shallow_snake_nest
D:2:      layout_loops_ring, nicolae_ashenzari_panopticon
D:3:      layout_basic
D:4:      layout_basic, serial_shops, nicolae_shop_stone,
          uniq_crazy_yiuf_cottage

Skill      XL: |  1  2  3  4 |
---------------+-------------+-----
Unarmed Combat | 4 5 6 |  6.7
Fighting       | |  2.1
Throwing       | |  1.7
Dodging        | |  2.6

Action                   |  1- 3 |  4- 6 || total
-------------------------+-------+-------++-------
Melee: Unarmed           |   105 |   132 ||   237
       Punch             |     1 |       ||     1
  Use: Scroll            |     5 |     4 ||     9
Armor: Leather armour    |    37 |    18 ||    55
       Chain mail        |       |    46 ||    46
Dodge: Dodged            |    70 |    44 ||   114
